 Dungeon Crawl Stone Soup version 0.29-a0-473-gacb4ef3bc5 (webtiles) character file.

Game seed: 11969651348807052161

31 CrazyBamboolord the Scratcher (level 3, -3/15 HPs)
             Began as a Felid Transmuter on May 23, 2022.
             Slain by a goblin
             ... wielding a +0 club
             ... led by Robin
              (7 damage)
             ... on level 2 of the Dungeon.
             The game lasted 00:01:23 (1127 turns).

CrazyBamboolord the Scratcher (Felid Transmuter)    Turns: 1127, Time: 00:01:23

Health: -3/15      AC:  1    Str: 12    XL:     3   Next: 7%
Magic:  6/7        EV: 18    Int: 14    God:
Gold:   95         SH:  0    Dex: 18    Spells: 5/6 levels left
                                        Lives:  0   Deaths: 0

rFire   . . .      SeeInvis +     - Unarmed
rCold   . . .      Faith    .   (shield unavailable)
rNeg    . . .      Spirit   .   (body armour unavailable)
rPois   .          Reflect  .   (helmet unavailable)
rElec   .          Harm     .   (cloak unavailable)
rCorr   .          Rampage  .   (gloves unavailable)
Will    .....                   (boots unavailable)
Stlth   ++........              (no amulet)
HPRegen 0.05/turn               g - +6 ring of strength
MPRegen 0.10/turn               (no ring)

@: appendages (expiring), quick
A: horns 2, very small, claws 1, fangs 3, see invisible, speed 1, shaggy fur 1,
stealthy paws, no weapons or thrown items, no armour, multi-lived
a: End Transformation


You were on level 2 of the Dungeon.
You had temporarily grown beastly horns.
You visited 1 branch of the dungeon, and saw 2 of its levels.

You collected 95 gold pieces.

Inventory:

Jewellery
 g - a +6 ring of strength (left paw)
Scrolls
 d - 2 scrolls of teleportation
 e - a scroll of noise
Potions
 a - 2 potions of lignification
 b - 2 potions of attraction {unknown}
 c - 2 potions of haste {unknown}
 f - 2 potions of berserk rage {unknown}


   Skills:
 * Level 1.2 Fighting
 * Level 3.0 Dodging
 * Level 3.5 Unarmed Combat
 * Level 2.3 Spellcasting
 * Level 2.5 Transmutations


You had 5 spell levels left.
You knew the following spells:

 Your Spells              Type           Power      Damage    Failure   Level
a - Beastly Appendage     Tmut           16%        N/A       8%          1

Your spell library contained the following spells:

 Spells                   Type           Power      Damage    Failure   Level
 Wereblood                Tmut           8%         N/A       12%         2
 Spider Form              Tmut/Pois      5%         N/A       38%         3
 Ice Form                 Ice/Tmut       5%         N/A       80%         4


Dungeon Overview and Level Annotations

Branches:
Dungeon (2/15)

Altars:

Annotations:
D:2 Robin


Innate Abilities, Weirdness & Mutations

You have temporarily grown beastly horns.
You have sharp claws.
You have razor-sharp teeth.
You have supernaturally acute eyesight. (SInv)
You cover ground quickly. (Speed+)
You are covered in fur. (AC +1)
Your paws help you pounce on unaware monsters.
You are incapable of wielding weapons or throwing items.
You cannot wear armour.
You gain extra lives every three experience levels.


Message History

You claw the adder! You headbutt the adder.
You kill the adder!
Your Dodging skill increases to level 3!
You have reached level 3!
Your experience leads to an increase in your attributes!
Your base attributes are Str 6, Int 14, Dex 16.
Increase (S)trength, (I)ntelligence, or (D)exterity?
You feel agile. x2
Robin and 2 goblins come into view.
Your transformation is almost over.
The goblin shouts! x2
A goblin comes into view. It is wielding a +0 club.
Found a scroll labelled VIDAGAA XYNKI and a leather armour.
A goblin comes into view. It is wielding a +0 club.
Robin roars a battlecry!
The goblins go into a battle-frenzy!
A hobgoblin comes into view.
You hear a shout! x2; The hobgoblin shouts!
You barely miss the orc.
The hobgoblin shouts!
The goblin shouts!
You hear a shout!
Robin says, "A pitiful Cat like you will never find the ORB!"
A goblin comes into view. It is wielding a +0 dagger. x2
The orc barely misses you.
You scratch the orc. You headbutt the orc.
You kill the orc!
A goblin comes into view. It is wielding a +0 club.
A goblin comes into view. It is wielding a +0 club.
The goblin shouts! x2; You hear a bark!
A jackal comes into view.
A goblin comes into view. It is wielding a +0 club.
Robin throws the goblin at you! The goblin barely misses you.
Robin throws the goblin at you!
You closely miss the goblin. Your bite misses the goblin.
A jackal comes into view.
The goblin hits you with a +0 club! The goblin closely misses you.
The goblin barely misses you. Robin throws the goblin at you!
* * * LOW HITPOINT WARNING * * *
The goblin barely misses you. The goblin hits you with a +0 club!
You die...

PP........>..#
.....g.......#
..Ph.g$..)...#
.PP.#........#
PP.hggg.g....## #
P.......g.....#.#
........g.......##
..##...gg.........
..#...g@......?.#
........g......>.#
...###...?.#.....#
..# #..####.....#
.. #..# ######
##[# ###


You could see Robin, 2 jackals, 2 hobgoblins and 9 goblins.

Vanquished Creatures
  An adder (D:2)
  A dart slug (D:1)
  An orc (D:2)
  3 bats (D:1)
  An endoplasm (D:1)
  A goblin (D:1)
  2 hobgoblins (D:1)
  7 kobolds (D:1)
  A ball python (D:1)
  2 frilled lizards (D:1)
20 creatures vanquished.

Notes
Turn   | Place    | Note
-------+----------+-------------------------------------------
     0 | D:1      | CrazyBamboolord the Felid Transmuter began the quest for
                  | the Orb.
     0 | D:1      | Reached XP level 1. HP: 9/9 MP: 4/4
   160 | D:1      | Reached XP level 2. HP: 12/12 MP: 4/6
   400 | D:1      | Found a faded altar of an unknown god.
  1117 | D:2      | Reached XP level 3. HP: 15/15 MP: 5/7
  1118 | D:2      | Noticed Robin
  1127 | D:2      | Slain by a goblin

Illustrated notes

Levels and vault maps discovered:
D:1:      amcnicky_arrival_underground_garden, layout_loops_ring,
          basic_ecumenical_altar
D:2:      layout_rooms, dreamdust_mushroom_princess, uniq_robin

Skill      XL: |  1  2 |
---------------+-------+-----
Dodging        | 3 |  3.0
Fighting       | |  1.2
Unarmed Combat | |  3.5
Spellcasting   | |  2.3
Transmutations | |  2.5

Action                   || total
-------------------------++-------
Melee: Unarmed           ||    31
       Headbutt          ||     8
       Bite              ||     3
       Punch             ||     1
 Cast: Beastly Appendage ||    11
  Use: Scroll            ||     2
Dodge: Dodged            ||    25

Table legend: (Time is in decaauts)
 A = Elapsed time spent in this place.
 B = Non-inter-level travel time spent in this place.
 C = Inter-level travel time spent in this place.
 D = Time resting spent in this place.
 E = Time spent auto-exploring this place.
 F = Levels seen in this place.
 G = Mean time per level.
                   A        B        C        D        E       F      G
               +--------+--------+--------+--------+--------+-----+--------+
         Total |    992 |    979 |     13 |      0 |    873 |   2 |  496.0 |
       Dungeon |    992 |    979 |     13 |      0 |    873 |   2 |  496.0 |
               +--------+--------+--------+--------+--------+-----+--------+

Top non-repeatable levels by time:
     D:1: 977 daAuts
     D:2: 15 daAuts
